 Dungeon Crawl Stone Soup version 0.19.4 (webtiles) character file.

824 Mefis the Magician (level 7, 0/36 HPs)
             Began as a Deep Elf Wizard on Jan 31, 2017.
             Was an Initiate of Sif Muna.
             Killed by nerve-wracking pain
             ... invoked by an orc priest
              (14 damage)
             ... on level 4 of the Dungeon.
             The game lasted 00:11:17 (5267 turns).

Mefis the Magician (Deep Elf Wizard)                Turns: 5267, Time: 00:11:18

Health: 0/36       AC:  6    Str:  4    XL:     7   Next: 64%
Magic:  2/19       EV: 14    Int: 25    God:    Sif Muna [......]
Gold:   171        SH:  0    Dex: 13    Spells: 7 memorised, 5 levels left

rFire  . . .     SeeInvis .     H - +6 dire flail (crush)
rCold  . . .     Gourm    .     a - +0 robe
rNeg   . . .     Faith    .     (shield currently unavailable)
rPois  .         Spirit   .     b - +0 hat
rElec  .         Reflect  .     O - +1 cloak
rCorr  +         Harm     .     g - +1 pair of gloves
MR     .....                    (no boots)
Stlth  +++.......               (no amulet)
                                (no ring)
                                x - ring of resist corrosion

@: very slightly contaminated, repel missiles
A: no striking features
a: Renounce Religion


You were on level 4 of the Dungeon.
You worshipped Sif Muna.
Sif Muna was noncommittal.
You were not hungry.

You visited 2 branches of the dungeon, and saw 6 of its levels.

You collected 171 gold pieces.

Inventory:

Hand Weapons
 e - a +0 dagger
 p - a +0 dagger of speed
 y - a +0 hunting sling
 z - a +0 antimagic dagger
 A - a +0 hunting sling
 H - a +6 dire flail of crushing (weapon)
Missiles
 i - 17 poisoned needles
 F - 35 sling bullets
Armour
 a - a +0 robe (worn)
 b - a +0 hat (worn)
 g - a +1 pair of gloves (worn)
 O - a +1 cloak (worn)
Jewellery
 x - a ring of resist corrosion (left hand)
 L - an uncursed ring of ice
Wands
 I - a wand of flame (28/48)
 K - a wand of acid (5/15)
Scrolls
 f - a scroll of blinking
 h - a scroll of enchant weapon
 l - a scroll of random uselessness {unknown}
 o - a scroll of noise {unknown}
 q - 4 scrolls of remove curse
 u - a scroll of amnesia {unknown}
 B - 2 scrolls of magic mapping
 E - a scroll of immolation {unknown}
Potions
 j - a potion of brilliance {unknown}
 m - a potion of invisibility {unknown}
 n - a potion of degeneration {unknown}
 s - 3 potions of curing
 t - 2 potions of agility {unknown}
 v - a potion of resistance {unknown}
 w - a potion of ambrosia {unknown}
 C - a potion of mutation {unknown}
 D - a potion of cure mutation {unknown}
 G - a potion of might {unknown}
 M - a potion of berserk rage {unknown}
Books
 c - a book of Minor Magic

   Spells                             Type                      Level
   a - Magic Dart                     Conjuration                  1
   b - Blink                          Translocation                2
   c - Call Imp                       Summoning                    2
   d - Repel Missiles                 Charms/Air                   2
   e - Slow                           Hexes                        2
   f - Conjure Flame                  Conjuration/Fire             3
   g - Mephitic Cloud                 Conjuration/Poison/Air       3
Comestibles
 d - 4 bread rations
 J - a slice of pizza
 N - a beef jerky
 P - 3 chunks of flesh


   Skills:
 + Level 4.1 Dodging
 + Level 5.1 Stealth
 * Level 7.4 Spellcasting
 + Level 3.4 Conjurations
 + Level 2.9 Hexes
 - Level 1.1 Summonings
 - Level 1.1 Translocations
 + Level 2.6 Air Magic
 + Level 2.2 Poison Magic
 + Level 1.3 Evocations


You had 5 spell levels left.
You knew the following spells:

 Your Spells              Type           Power        Failure   Level  Hunger
a - Magic Dart            Conj           ####         1%          1    None
b - Call Imp              Summ           ##......     10%         2    None
c - Blink                 Tloc           N/A          10%         2    None
d - Repel Missiles        Chrm/Air       ###...       8%          2    None
e - Mephitic Cloud        Conj/Pois/Air  ###.....     8%          3    None
f - Conjure Flame         Conj/Fire      ###.....     12%         3    None
g - Slow                  Hex            ###.....     3%          2    None


Dungeon Overview and Level Annotations

Branches:
Dungeon (5/15)             Temple (1/1) D:4

Altars:
Ashenzari
Cheibriados
Dithmenos
Fedhas
Gozag
Hepliaklqana
Kikubaaqudgha
Makhleb
Nemelex Xobeh
Okawaru
Qazlal
Sif Muna
Trog
Vehumet
Xom
Yredelemnul
Zin
The Shining One

Annotations:
D:3 Robin
D:4 Natasha


Message History

Aiming: Mephitic Cloud
Press: ? - help, Shift-Dir - straight line, f - orc priest
Aim: an orc priest, wielding a trident and wearing a leather armour You miscast Mephitic Cloud.
You are very lightly contaminated with residual magic.
The wind howls around you!
Casting: Mephitic Cloud
Confirm with . or Enter, or press ? or * to list all spells.
Aiming: Mephitic Cloud
Press: ? - help, Shift-Dir - straight line, f/p - orc priest
Aim: an orc priest, wielding a trident and wearing a leather armour The ball explodes into a vile cloud!
The stinking cloud engulfs the orc priest.
You hear a shout!
The orc priest is engulfed in noxious fumes.
The orc priest appears confused.
There is a stone staircase leading down here.
The orc priest invokes the aid of Beogh against you.
Pain shoots through your body!
You die...

#................##
#.................##
#..................###
#............##......#
#####............###.#
#..............#.#
#######........#.......#
#.....##'###..o......###
#.....#.........@..###
#.....#......§§....#
#.............§##..#
#..................#
#..........)o......#
##.................#
#...........o.....#
##.........#.#.#o.####
###...................##


You could see 2 orc priests and an orc (wandering).

Vanquished Creatures
  Eustachio (D:4)
  Edmund (D:4)
  A phantom (D:4)
  2 scorpions (D:4)
  Crazy Yiuf (D:4)
  Natasha (D:4)
  2 worker ants (D:4)
  7 adders
  2 adder skeletons (D:4)
  4 worms
  2 dart slugs
  4 leopard geckos
  9 orcs
  A ball python (D:1)
  8 giant cockroaches
  13 goblins
  9 hobgoblins
  12 kobolds
  A quokka (D:4)
  8 bats
  3 frilled lizards
  A jackal skeleton (D:4)
  A leopard gecko skeleton (D:4)
  8 rats
102 creatures vanquished.

Vanquished Creatures (collateral kills)
  A phantom (D:4)
  An adder (D:3)
  A worm (D:2)
  2 orcs (D:3)
  3 goblins (D:3)
  A rat (D:2)
9 creatures vanquished.

Vanquished Creatures (others)
  A goblin (D:3)
  A plant (D:3)
2 creatures vanquished.

Grand Total: 113 creatures vanquished

Notes
Turn   | Place    | Note
-------+----------+-------------------------------------------
     0 | D:1      | Mefis the Deep Elf Wizard began the quest for the Orb.
     0 | D:1      | Reached XP level 1. HP: 10/10 MP: 7/7
   334 | D:1      | Reached XP level 2. HP: 15/15 MP: 2/9
   338 | D:1      | Learned a level 2 spell: Call Imp
   341 | D:1      | Learned a level 2 spell: Blink
   344 | D:1      | Learned a level 2 spell: Repel Missiles
  1103 | D:2      | Reached skill level 5 in Spellcasting
  1103 | D:2      | Reached XP level 3. HP: 19/19 MP: 2/11
  1110 | D:2      | Learned a level 3 spell: Mephitic Cloud
  1502 | D:2      | Reached XP level 4. HP: 24/24 MP: 4/13
  1512 | D:2      | Learned a level 3 spell: Conjure Flame
  1652 | D:2      | Reached skill level 1 in Air Magic
  2626 | D:3      | Reached XP level 5. HP: 28/28 MP: 5/15
  2630 | D:3      | Learned a level 2 spell: Slow
  2730 | D:3      | Noticed Robin
  3417 | D:4      | Reached skill level 6 in Spellcasting
  3417 | D:4      | Reached skill level 1 in Poison Magic
  3588 | D:4      | Found a radiant altar of Vehumet.
  3589 | D:4      | Noticed a phantom
  3724 | D:3      | Reached skill level 1 in Hexes
  3815 | D:4      | Found a runed door.
  4033 | D:4      | Killed a phantom
  4033 | D:4      | Reached XP level 6. HP: 22/32 MP: 2/17
  4133 | D:4      | Noticed Edmund
  4146 | D:4      | Killed Edmund
  4406 | D:4      | Reached XP level 7. HP: 36/36 MP: 11/19
  4522 | D:4      | Noticed Natasha
  4527 | D:4      | Killed Natasha
  4699 | D:4      | Noticed Eustachio
  4713 | D:4      | Killed Eustachio
  4713 | D:4      | Reached skill level 5 in Stealth
  4713 | D:4      | Reached skill level 7 in Spellcasting
  4803 | D:4      | Noticed Natasha
  4815 | D:4      | Found a staircase to the Ecumenical Temple.
  4850 | D:4      | Found a bloodstained altar of Trog.
  4976 | Temple   | Entered the Ecumenical Temple
  5068 | Temple   | Became a worshipper of Sif Muna the Loreminder
  5132 | D:4      | Noticed Crazy Yiuf
  5139 | D:4      | Killed Crazy Yiuf
  5190 | D:5      | Entered Level 5 of the Dungeon
  5221 | D:4      | Reached skill level 1 in Evocations
  5267 | D:4      | Killed from afar by an orc priest

Skill      XL: |  1  2  3  4  5  6  7 |
---------------+----------------------+-----
Stealth        | 3 4 5 |  5.1
Spellcasting   | 5 6 7 |  7.4
Air Magic      | 1 2 |  2.6
Dodging        | 3 4 |  4.1
Conjurations   | 2 3 |  3.4
Poison Magic   | 1 2 |  2.2
Hexes          | 1 2 |  2.9
Evocations     | 1 |  1.3
Summonings     | |  1.1
Translocations | |  1.1

Action                   |  1- 3 |  4- 6 |  7- 9 || total
-------------------------+-------+-------+-------++-------
Melee: Dagger            |       |    20 |       ||    20
       Dire flail        |       |       |     5 ||     5
 Cast: Magic Dart        |    71 |   223 |    41 ||   335
       Repel Missiles    |     1 |     2 |       ||     3
       Call Imp          |     1 |    16 |       ||    17
       Mephitic Cloud    |       |     3 |     3 ||     6
       Blink             |       |     1 |       ||     1
       Conjure Flame     |       |     1 |       ||     1
  Use: Scroll            |       |       |     5 ||     5
       Potion            |       |       |     1 ||     1
  Eat: Chunk             |     1 |     9 |     3 ||    13
Armor: Robe              |     2 |    14 |       ||    16
Dodge: Dodged            |     4 |    38 |     3 ||    45
       Deflected         |       |     2 |       ||     2
